 Dungeon Crawl Stone Soup version 0.28-a0-1087-gf3fc490d9d (webtiles) character file.

Game seed: 14996310721228881185

903 ytrimaz the Insei (level 8, -2/46 HPs)
             Began as an Octopode Transmuter on Dec 10, 2021.
             Slain by a gnoll (8 damage)
             ... on level 6 of the Dungeon.
             The game lasted 00:07:55 (6544 turns).

ytrimaz the Insei (Octopode Transmuter)             Turns: 6544, Time: 00:07:56

Health: -2/46      AC:  5    Str: 11    XL:     8   Next: 7%
Magic:  14/14      EV: 13    Int: 17    God:
Gold:   234        SH:  5    Dex: 13    Spells: 9/15 levels left

rFire   . . .      SeeInvis .     - Unarmed
rCold   . . .      Faith    .   (no shield)
rNeg    . . .      Spirit   .   (helmet restricted)
rPois   .          Reflect  +   j - amulet of reflection
rElec   .          Harm     .   f - +4 ring of protection
rCorr   .          Rampage  .   b - ring of willpower
Will    +....                   (no ring)
Stlth   ++........              (no ring)
HPRegen 0.15/turn               (no ring)
MPRegen 0.14/turn               (no ring)
                                (no ring)
                                (no ring)

@: no status effects
A: almost no armour, amphibious, 8 rings, camouflage 1, gelatinous body 1,
(nimble swimmer 1), tentacles, frail 1, strong 1, MP-powered wands
a: no special abilities


You were on level 6 of the Dungeon.
You visited 1 branch of the dungeon, and saw 6 of its levels.

You collected 234 gold pieces.

Inventory:

Jewellery
 b - a ring of willpower (right tentacle)
 d - an amulet of magic regeneration
 f - a +4 ring of protection (left tentacle)
 j - an amulet of reflection (around mantle)
Wands
 o - a wand of polymorph (10)
Scrolls
 c - 2 scrolls of enchant armour
 k - 2 scrolls of enchant weapon
 m - a scroll of blinking
 n - 2 scrolls of teleportation
Potions
 a - 2 potions of attraction
 e - 4 potions of heal wounds
 g - 2 potions of magic {unknown}
 h - a potion of resistance {unknown}
 i - 3 potions of curing {unknown}
 l - 3 potions of haste {unknown}


   Skills:
 * Level 3.1 Fighting
 - Level 2.0 Dodging
 + Level 1.1 Shields
 + Level 5.1 Unarmed Combat
 * Level 4.2 Spellcasting
 * Level 4.2 Transmutations
 * Level 2.5 Ice Magic
 * Level 3.3 Poison Magic


You had 9 spell levels left.
You knew the following spells:

 Your Spells              Type           Power      Damage    Failure   Level
a - Beastly Appendage     Tmut           36%        N/A       2%          1
b - Wereblood             Tmut           18%        N/A       4%          2
c - Spider Form           Tmut/Pois      16%        N/A       10%         3

Your spell library contained the following spells:

 Spells                   Type           Power      Damage    Failure   Level
 Sting                    Tmut/Pois      64%        1d6       3%          1
 Magic Dart               Conj           12%        1d3       16%         1
 Slow                     Hex            12%        N/A       16%         1
 Summon Small Mammal      Summ           12%        N/A       16%         1
 Ozocubu's Armour         Ice            12%        N/A       17%         3
 Call Imp                 Summ           3%         N/A       24%         2
 Mephitic Cloud           Conj/Pois/Air  7%         N/A       28%         3
 Ice Form                 Ice/Tmut       15%        N/A       36%         4
 Call Canine Familiar     Summ           3%         N/A       43%         3
 Summon Guardian Golem    Hex/Summ       3%         N/A       43%         3
 Ozocubu's Refrigeration  Ice            6%         4d6       100%        7


Dungeon Overview and Level Annotations

Branches:
Dungeon (6/15)
 Temple: D:4-7

Altars:
Gozag
Makhleb
Sif Muna
Vehumet

Shops:
D:1 :

Annotations:
D:2 1 runed translucent door, Crazy Yiuf


Innate Abilities, Weirdness & Mutations

You cannot wear most types of armour.
You are amphibious.
You can wear up to eight rings at the same time.
Your skin changes colour to match your surroundings (Stealth+).
Your rubbery body absorbs attacks. (AC +1, EV +1)
((You are camouflaged near water. (Stealth+)))
You have tentacles for arms and can constrict up to eight enemies at once.
You are frail. (-10% HP)
Your muscles are strong. (Str +2)
You expend magic power (3 MP) to strengthen your wands.


Message History

A gnoll comes into view. It is wielding a +0 flail.
A gnoll is nearby!
A gnoll is nearby!
Your transformation has ended.
The gnoll shouts!
Unknown command.
You completely miss the gnoll. You grab the gnoll. You constrict the gnoll.
A gnoll comes into view. It is wielding a +0 halberd.
The gnoll hits you with a +0 flail.
You tentacle-slap the gnoll. You squeeze the gnoll.
The gnoll is severely wounded.
You constrict the gnoll. The gnoll barely misses you.
The gnoll closely misses you.
You tentacle-slap the gnoll.
You kill the gnoll!
The gnoll completely misses you.
Unknown command.
The gnoll hits you with a +0 halberd!
You see here a +0 flail.
Unknown command.
You tentacle-slap the gnoll. Your grab misses the gnoll.
Your tentacle-slap misses the gnoll.
The gnoll is moderately wounded.
The gnoll hits you with a +0 halberd!
You barely miss the gnoll. You grab the gnoll.
You squeeze the gnoll, but do no damage.
The gnoll is moderately wounded.
You constrict the gnoll, but do no damage.
The gnoll hits you but does no damage.
You tentacle-slap the gnoll.
The gnoll is severely wounded.
You constrict the gnoll. The gnoll hits you with a +0 halberd!
* * * LOW HITPOINT WARNING * * *
You tentacle-slap the gnoll but do no damage.
The gnoll is severely wounded.
You constrict the gnoll. You block the gnoll's attack.
Unknown command.
You release your grip on the gnoll.
The gnoll hits you from afar with a +0 halberd!
You die...

###############
.#.............
[....)..>......
.#.#.....#####
.#.#.....#
+#'#.....# ........#
.........###########
......###..)....@).#
......# #.########g#
...... #.# .# ....
#.# .# #+# #.# .#
#.# .# #.# .# #.# .#


You could see a gnoll.

Vanquished Creatures
  A sky beast (D:5)
  A black bear (D:3)
  2 ogres (D:4)
  A bullfrog (D:6)
  A crimson imp (D:4)
  An orc priest (D:5)
  A centaur skeleton (D:6)
  A gnoll shaman (D:6)
  3 hounds (D:5)
  An iguana (D:4)
  An orc wizard (D:5)
  8 gnolls
  6 adders
  A white imp (D:4)
  2 adder skeletons
  A worm (D:2)
  A dart slug (D:1)
  6 orcs
  4 ball pythons
  2 bats
  11 endoplasms
  3 giant cockroaches
  4 goblins
  6 hobgoblins
  6 jackals (D:1)
  7 kobolds
  3 quokkas
  4 frilled lizards
  5 rats
94 creatures vanquished.

Vanquished Creatures (others)
  2 plants (D:1)
2 creatures vanquished.

Grand Total: 96 creatures vanquished

Notes
Turn   | Place    | Note
-------+----------+-------------------------------------------
     0 | D:1      | ytrimaz the Octopode Transmuter began the quest for the
                  | Orb.
     0 | D:1      | Reached XP level 1. HP: 13/13 MP: 3/3
   214 | D:1      | Reached XP level 2. HP: 17/18 MP: 3/5
   583 | D:1      | Reached XP level 3. HP: 19/23 MP: 6/6
   586 | D:1      | Learned a level 2 spell: Wereblood
   590 | D:1      | Learned a level 3 spell: Spider Form
   649 | D:1      | Found a faded altar of an unknown god.
   690 | D:1      | Got Plato's Grimoire of Enchantment
   769 | D:1      | Reached skill level 1 in Poison Magic
   913 | D:1      | Found Ceamm's Book Shop.
  1732 | D:2      | Reached XP level 4. HP: 19/28 MP: 7/7
  1949 | D:2      | Found a runed translucent door.
  1950 | D:2      | Noticed Crazy Yiuf
  3792 | D:3      | Noticed a black bear
  3801 | D:3      | Killed a black bear
  3802 | D:3      | Reached skill level 4 in Unarmed Combat
  3802 | D:3      | Reached skill level 1 in Ice Magic
  3802 | D:3      | Reached XP level 5. HP: 23/34 MP: 4/9
  3925 | D:3      | Found a radiant altar of Vehumet.
  3976 | D:4      | Noticed an ogre
  3982 | D:4      | Killed an ogre
  3983 | D:4      | Reached XP level 6. HP: 39/39 MP: 6/10
  4432 | D:4      | Found a burning altar of Makhleb.
  4664 | D:4      | Reached XP level 7. HP: 17/45 MP: 8/12
  5215 | D:4      | Identified the +1 ring mail of Gegg {rF++ rC- rN+ Str+2}
  5254 | D:4      | Gained mutation: You are weak. (Str -2) [potion of
                  | mutation]
  5254 | D:4      | Gained mutation: You possess an exceptional clarity of
                  | mind. [potion of mutation]
  5260 | D:4      | Lost mutation: You possess an exceptional clarity of mind.
                  | [potion of mutation]
  5260 | D:4      | Lost mutation: You are weak. (Str -2) [potion of mutation]
  5260 | D:4      | Gained mutation: You are frail. (-10% HP) [potion of
                  | mutation]
  5260 | D:4      | Gained mutation: Your mind is acute. (Int +2) [potion of
                  | mutation]
  5261 | D:4      | Lost mutation: Your mind is acute. (Int +2) [potion of
                  | mutation]
  5261 | D:4      | Gained mutation: Your muscles are strong. (Str +2) [potion
                  | of mutation]
  5261 | D:4      | Gained mutation: You expend magic power (3 MP) to
                  | strengthen your wands. [potion of mutation]
  5341 | D:5      | Entered Level 5 of the Dungeon
  5620 | D:5      | Found a shimmering blue altar of Sif Muna.
  5828 | D:5      | Found an opulent altar of Gozag.
  5883 | D:5      | Reached skill level 1 in Shields
  6144 | D:5      | Reached skill level 5 in Unarmed Combat
  6427 | D:6      | Got the Handbook of Transmutation
  6480 | D:6      | Reached XP level 8. HP: 46/46 MP: 12/14
  6544 | D:6      | Slain by a gnoll

Illustrated notes

Levels and vault maps discovered:
D:1:      lemuel_arrival_broad_hall, layout_basic, serial_shops, shop,
          shapermc_ecumenical_altar_rom_forum
D:2:      layout_loops_corners, uniq_crazy_yiuf_cottage
D:3:      layout_basic, fiery_altar_vehumet, uniq_natasha
D:4:      layout_loops_corners, lightli_temple_of_fire, minmay_fire_ice_demons
D:5:      layout_basic, kennysheep_mini_moat,
          mainiacjoe_overflow_six_doors_small, minmay_strange_pillars
D:6:      layout_basic, uniq_pikel, uniq_grinder, uniq_duvessa

Skill      XL: |  1  2  3  4  5  6  7 |
---------------+----------------------+-----
Poison Magic   | 1 2 3 |  3.3
Fighting       | 2 3 |  3.1
Unarmed Combat | 4 5 |  5.1
Ice Magic      | 1 2 |  2.5
Spellcasting   | 3 4 |  4.2
Transmutations | 3 4 |  4.2
Shields        | 1 |  1.1
Dodging        | |  2.0

Action                   |  1- 3 |  4- 6 |  7- 9 || total
-------------------------+-------+-------+-------++-------
Melee: Unarmed           |    93 |   102 |    82 ||   277
       Tentacles         |    21 |    11 |     6 ||    38
       Constrict         |    22 |    15 |     5 ||    42
       Punch             |     3 |     3 |       ||     6
       Kick              |     6 |     4 |       ||    10
 Cast: Beastly Appendage |    11 |    11 |     1 ||    23
       Spider Form       |       |     7 |    10 ||    17
       Wereblood         |       |     3 |     3 ||     6
  Use: Scroll            |     2 |     4 |     7 ||    13
       Potion            |       |       |     3 ||     3
 Stab: Sleeping          |     2 |     3 |     2 ||     7
Armor: Skin              |     7 |    14 |    15 ||    36
Dodge: Dodged            |    49 |    65 |    37 ||   151
Block: Other             |       |    20 |    14 ||    34

Table legend: (Time is in decaauts)
 A = Elapsed time spent in this place.
 B = Non-inter-level travel time spent in this place.
 C = Inter-level travel time spent in this place.
 D = Time resting spent in this place.
 E = Time spent auto-exploring this place.
 F = Levels seen in this place.
 G = Mean time per level.
                   A        B        C        D        E       F      G
               +--------+--------+--------+--------+--------+-----+--------+
         Total |   6522 |   6347 |    175 |    134 |   5326 |   6 | 1087.0 |
       Dungeon |   6522 |   6347 |    175 |    134 |   5326 |   6 | 1087.0 |
               +--------+--------+--------+--------+--------+-----+--------+

Top non-repeatable levels by time:
     D:2: 1810 daAuts
     D:4: 1361 daAuts
     D:1: 1214 daAuts
     D:5: 989 daAuts
     D:3: 941 daAuts
     D:6: 206 daAuts
